[Event "Titled Tuesday Blitz March 21 Early 2023"]
[White "Chernobay, Artem"]
[Black "Khandelwal, Ankush"]
[WhiteFideId "4167406"]
[BlackFideId "413470"]
[WhiteElo "2474"]
[BlackElo "2263"]
[Result "1-0"]
[Round "05"]
[TimeControl "180+2"]
[Date "2023.03.21"]
[WhiteClock "0:01:37"]
[BlackClock "0:01:09"]

1. e4 c5 2. c3 Nf6 3. e5 Nd5 4. Nf3 Nc6 5. Bc4 Nb6 6. Bb3 c4 7. Bc2 d6 8. exd6 e5 9. d4 cxd3 10. Qxd3 Qxd6 11. O-O Qxd3 12. Bxd3 f6 13. a4 Na5 14. Nbd2 Be6 15. b4 Nac4 16. a5 Nxd2 17. Nxd2 Nd5 18. a6 bxa6 19. Rxa6 Nxc3 20. Rxe6+ Kf7 21. Rc6 Na2 22. Bc4+ Kg6 23. Bxa2 1-0


[Site "https://www.chess.com"]

[Event "Titled Tuesday Blitz March 21 Early 2023"]
[White "Itgelt, Khuyagtsogt"]
[Black "Girsh, Daniel"]
[WhiteFideId "4902912"]
[BlackFideId "30949190"]
[WhiteElo "2227"]
[BlackElo "2075"]
[Result "1-0"]
[Round "05"]
[TimeControl "180+2"]
[Date "2023.03.21"]
[WhiteClock "0:00:11"]
[BlackClock "0:00:22"]

1. d4 Nf6 2. Nf3 d5 3. c4 e6 4. g3 Be7 5. Bg2 O-O 6. O-O a5 7. Qc2 c6 8. Rd1 Na6 9. a3 b6 10. Bf4 Bb7 11. Nbd2 Rc8 12. e4 c5 13. exd5 exd5 14. Rac1 Ne4 15. Nxe4 dxe4 16. dxc5 exf3 17. Rxd8 Rfxd8 18. Bh3 Rxc5 19. Be3 Rc6 20. Bf5 Nc5 21. b4 axb4 22. axb4 g6 23. bxc5 gxf5 24. cxb6 Bc5 25. Qxf5 Bxe3 26. fxe3 Rd2 27. e4 Rg2+ 28. Kh1 Re6 29. Qxf3 Bxe4 30. Qxg2 Bxg2+ 31. Kxg2 Rxb6 32. c5 Rc6 33. Kf3 Kf8 34. Ke4 Ke7 35. Kd5 Rh6 36. c6 Kd8 37. c7+ Kc8 38. Rc2 Re6 39. Rf2 Re7 40. Rc2 Re6 41. Rc3 Rh6 42. h4 Re6 43. g4 h5 44. g5 Ra6 45. Rc4 Rb6 46. Ke5 Re6+ 47. Kf5 Ra6 48. Re4 Kxc7 49. Re7+ Kd8 50. Rxf7 Ra4 51. g6 Ke8 52. Rb7 Rxh4 53. Rb8+ Ke7 54. g7 Rg4 55. g8=Q Rxg8 56. Rxg8 h4 57. Rh8 h3 58. Rxh3 Kd6 59. Rh6+ Kd5 60. Re6 Kd4 61. Re5 Kc4 62. Kf4 Kb4 63. Ke4 Ka3 64. Rb5 Ka2 65. Rb8 Ka1 66. Kd4 Ka2 67. Kc3 Ka3 68. Ra8# 1-0


[Site "https://www.chess.com"]

[Event "Titled Tuesday Blitz March 21 Early 2023"]
[White "Rottenwohrer Suarez, Juan"]
[Black "Aggelis, Nikolaos"]
[WhiteFideId "32068182"]
[BlackFideId "4213220"]
[WhiteElo "2174"]
[BlackElo "2189"]
[Result "1/2-1/2"]
[Round "05"]
[TimeControl "180+2"]
[Date "2023.03.21"]
[WhiteClock "0:00:03"]
[BlackClock "0:00:34"]

1. e4 c6 2. d4 d5 3. Nc3 dxe4 4. Nxe4 Nf6 5. Nxf6+ exf6 6. Nf3 Bd6 7. Be2 O-O 8. O-O Bf5 9. c4 h5 10. Be3 Nd7 11. Qd2 Re8 12. Nh4 Bg4 13. f3 f5 14. Bf2 Be7 15. fxg4 Bxh4 16. gxf5 Bxf2+ 17. Rxf2 Qh4 18. Bf3 Nf6 19. g3 Qh3 20. Qf4 Ng4 21. Bxg4 hxg4 22. d5 cxd5 23. cxd5 Rad8 24. d6 Qh6 25. Qxh6 gxh6 26. Rd1 Kg7 27. h3 gxh3 28. Kh2 Kf6 29. Kxh3 Re3 30. Rc2 Kxf5 31. Rc7 f6 32. Rxb7 Rg8 33. Rg1 Ke6 34. Rxa7 Kxd6 35. Ra4 Re2 36. Rg2 Re5 37. Rh4 h5 38. Rf4 Ke6 39. Rgf2 Rg6 40. R4f3 Rb5 41. Kh2 f5 42. Re3+ Kf6 43. b3 Rg4 44. a4 Rb8 45. Rc3 Kg5 46. Rc5 Rxb3 47. Rcxf5+ Kg6 48. Rf6+ Kg7 49. Rf7+ Kh6 50. R7f3 Rxf3 51. Rxf3 Rxa4 52. Kh3 Kg5 53. Re3 Ra1 54. Rd3 Rh1+ 55. Kg2 Rb1 56. Kh3 Rb4 57. Rc3 Kf5 58. Rd3 Re4 59. Rc3 Ke5 60. Rc5+ Kf6 61. Rxh5 Kg6 62. Rc5 Kg7 63. g4 Re8 64. Kh4 Kg8 65. Kg5 Ra8 66. Rd5 Rb8 67. Rf5 Ra8 68. Rf6 Rb8 69. Kg6 Ra8 70. g5 Rb8 71. Kh6 Ra8 72. g6 Rb8 73. g7 Ra8 74. Kg6 Ra6 75. Rxa6 1/2-1/2


[Site "https://www.chess.com"]

[Event "Titled Tuesday Blitz March 21 Early 2023"]
[White "Gonzalez, Francisco Silva"]
[Black "Zamorano, Jorge"]
[WhiteFideId "1512285"]
[BlackFideId "173770"]
[WhiteElo "2074"]
[BlackElo "2331"]
[Result "0-1"]
[Round "05"]
[TimeControl "180+2"]
[Date "2023.03.21"]
[WhiteClock "0:00:19"]
[BlackClock "0:00:26"]

1. d4 Nf6 2. c4 e6 3. Nc3 Bb4 4. a3 Bxc3+ 5. bxc3 Nc6 6. e3 b6 7. Bd3 Ba6 8. e4 O-O 9. Nf3 Ne8 10. e5 f5 11. Bg5 Qc8 12. d5 Na5 13. Qe2 Nb3 14. Rd1 Nc5 15. dxe6 dxe6 16. O-O Rf7 17. Be3 Nxd3 18. Qxd3 h6 19. h4 c5 20. Rfe1 Bb7 21. Nd2 f4 22. Ne4 fxe3 23. Qxe3 Bxe4 24. Qxe4 Rf5 25. g4 Rf7 26. Rd3 Nc7 27. Rd6 Qf8 28. Rc6 Re8 29. Qg6 Ree7 30. Re2 Qe8 31. Rd6 Rf4 32. Qd3 Rxg4+ 33. Kf1 Qg6 34. Rd8+ Ne8 35. Qd7 Rg1# 0-1


[Site "https://www.chess.com"]

[Event "Titled Tuesday Blitz March 21 Early 2023"]
[White "Tregubov, Pavel V."]
[Black "Sreyas Payyappat"]
[WhiteFideId "4115341"]
[BlackFideId "46674969"]
[WhiteElo "2425"]
[BlackElo "2083"]
[Result "1-0"]
[Round "05"]
[TimeControl "180+2"]
[Date "2023.03.21"]
[WhiteClock "0:01:41"]
[BlackClock "0:00:10"]

1. e4 c6 2. Nf3 d5 3. Nc3 dxe4 4. Nxe4 Nf6 5. Qe2 Nxe4 6. Qxe4 Nd7 7. Bc4 Nf6 8. Ne5 e6 9. Qf4 Bd6 10. d4 b5 11. Bd3 Bb7 12. O-O Qc7 13. Qg3 O-O-O 14. Qxg7 Nd5 15. Qxf7 Bxe5 16. Qxe6+ Rd7 17. Qxe5 Qd8 18. Bf5 Rg8 19. Qe6 Nb6 20. Bf4 c5 21. f3 Rf8 22. Qd6 1-0


[Site "https://www.chess.com"]

[Event "Titled Tuesday Blitz March 21 Early 2023"]
[White "cryptoguru02"]
[Black "polandchessplayer"]
[WhiteElo "2446"]
[BlackElo "2646"]
[Result "1-0"]
[Round "05"]
[TimeControl "180+2"]
[Date "2023.03.21"]
[WhiteClock "0:00:09"]
[BlackClock "0:00:06"]

1. d4 d5 2. c4 c6 3. Nc3 Nf6 4. Nf3 dxc4 5. a4 Bf5 6. Ne5 Nbd7 7. Nxc4 Qc7 8. g3 e5 9. dxe5 Nxe5 10. Nxe5 Qxe5 11. Bg2 Rd8 12. Qb3 Bc5 13. Qxb7 O-O 14. O-O Bg4 15. Bf4 Qh5 16. Qxc6 Bd4 17. Qb5 Bxc3 18. bxc3 Bxe2 19. Qxh5 Nxh5 20. Rfe1 Nxf4 21. gxf4 Rd2 22. Rab1 Rc8 23. Rb7 a6 24. Re7 Kf8 25. R7xe2 Rd3 26. Re3 Rd2 27. Bb7 Rb8 28. Bxa6 g6 29. Bb5 Kg7 30. c4 Rb2 31. c5 Rd8 32. c6 Rc2 33. R3e2 Rc5 34. Re7 Rd4 35. R1e4 Rd1+ 36. Kg2 Rdc1 37. Rd4 h5 38. Rdd7 g5 39. Rxf7+ Kg8 40. Rg7+ Kf8 41. Rh7 Kg8 42. Rxh5 gxf4 43. Rxc5 Rxc5 44. c7 f3+ 45. Kxf3 Rc3+ 46. Ke4 Rc5 47. Rd8+ Kf7 48. c8=Q Rxc8 49. Rxc8 Kf6 50. Rc6+ Ke7 51. a5 1-0


[Site "https://www.chess.com"]

[Event "Titled Tuesday Blitz March 21 Early 2023"]
[White "Cuenca Jimenez, Jose Fernando"]
[Black "Grot, Blazej"]
[WhiteFideId "2255570"]
[BlackFideId "21835845"]
[WhiteElo "2429"]
[BlackElo "1823"]
[Result "1/2-1/2"]
[Round "05"]
[TimeControl "180+2"]
[Date "2023.03.21"]
[WhiteClock "0:00:03"]
[BlackClock "0:00:10"]

1. e4 c5 2. Nf3 e6 3. g3 Nc6 4. Bg2 Nf6 5. Qe2 d6 6. O-O e5 7. c3 Be7 8. Rd1 O-O 9. h3 Qb6 10. Na3 Be6 11. Ng5 Bd7 12. Nc4 Qa6 13. d3 h6 14. Nf3 Be6 15. Nh4 Nxe4 16. Bxe4 d5 17. Bxd5 Bxd5 18. Nf5 Bf6 19. Qg4 Ne7 20. Nxh6+ Kh7 21. Nf5 Nxf5 22. Qxf5+ g6 23. Qg4 Rad8 24. Be3 Be6 25. Qf3 Bd5 26. Qe2 e4 27. Na3 exd3 28. Qxd3 Qe6 29. Bxc5 Qxh3 30. Qxd5 Rxd5 31. Rxd5 Rh8 32. Rad1 Kg8 33. Rd8+ Bxd8 34. Rxd8+ Kh7 35. Rxh8+ Kxh8 36. Bxa7 Qg4 37. Bd4+ Kg8 38. Nc4 Qd1+ 39. Kg2 Qe2 40. Ne3 Qxb2 41. a4 Qa2 42. a5 Qxa5 43. Kg1 Qa1+ 44. Kg2 Qa4 45. Kg1 Qc6 46. Ng4 Qa4 47. Nf6+ Kf8 48. Kh2 Qc4 49. Ne4 Qe2 50. Nf6 Qf3 51. Kg1 Ke7 52. Ng8+ Kf8 53. Nf6 Ke7 54. Ng8+ Kf8 55. Nf6 1/2-1/2


[Site "https://www.chess.com"]

[Event "Titled Tuesday Blitz March 21 Early 2023"]
[White "Yeritsyan, Hayk"]
[Black "Amilal Munkhdalai"]
[WhiteFideId "13307320"]
[BlackFideId "4903250"]
[WhiteElo "2444"]
[BlackElo "2293"]
[Result "0-1"]
[Round "05"]
[TimeControl "180+2"]
[Date "2023.03.21"]
[WhiteClock "0:00:14"]
[BlackClock "0:00:20"]

1. Nf3 Nf6 2. g3 d5 3. Bg2 Bf5 4. O-O h6 5. d3 e6 6. Nbd2 c6 7. c4 Be7 8. b3 O-O 9. Bb2 Bh7 10. Rc1 Nbd7 11. Qc2 Rc8 12. Qb1 Re8 13. Qa1 Bf8 14. Rfe1 a5 15. a3 Qb6 16. Ne5 Nxe5 17. Bxe5 Nd7 18. Bd4 c5 19. Bb2 d4 20. Rb1 e5 21. Qa2 Ra8 22. Bc1 Qc7 23. Qc2 f5 24. Bd5+ Kh8 25. e3 Nf6 26. Bg2 Bd6 27. exd4 exd4 28. Bb2 f4 29. Ne4 Nxe4 30. Bxe4 Bxe4 31. Rxe4 Rxe4 32. dxe4 Rf8 33. Re1 Qd7 34. e5 Re8 35. b4 f3 36. Qd3 Qf7 37. bxc5 Rxe5 38. Rxe5 Bxe5 39. Qe4 Qf6 40. Qxb7 Qf5 41. Qd5 Qb1+ 0-1


[Site "https://www.chess.com"]

[Event "Titled Tuesday Blitz March 21 Early 2023"]
[White "Kovalevsky, Stanislav"]
[Black "Skliarov, Viktor"]
[WhiteFideId "13508598"]
[BlackFideId "14106736"]
[WhiteElo "2174"]
[BlackElo "2289"]
[Result "0-1"]
[Round "05"]
[TimeControl "180+2"]
[Date "2023.03.21"]
[WhiteClock "0:00:03"]
[BlackClock "0:00:06"]

1. c4 e5 2. Nc3 Bb4 3. g3 Bxc3 4. dxc3 d6 5. Bg2 Nf6 6. e4 O-O 7. Qe2 Be6 8. Nf3 h6 9. Nd2 Nbd7 10. Nf1 a6 11. Ne3 b5 12. cxb5 axb5 13. Qxb5 Bxa2 14. Qe2 Bb3 15. Rxa8 Qxa8 16. O-O Nc5 17. Re1 Rb8 18. Nf5 Qa4 19. Qf3 Ncxe4 20. Rxe4 Qxe4 21. Qxe4 Nxe4 22. Bxe4 Kf8 23. Kf1 Be6 24. Ne3 Rb5 25. Ke1 g6 26. b4 f5 27. Bd3 Rb8 28. Bc4 Bxc4 29. Nxc4 Kg7 30. Na5 Rb5 31. Bd2 g5 32. c4 Rb6 33. b5 Rb8 34. Ke2 Ra8 35. Kd3 Kf6 36. Nc6 Ra1 37. h4 gxh4 38. gxh4 h5 39. f4 e4+ 40. Ke3 Ra3+ 41. Ke2 Rh3 42. Ba5 Rxh4 43. Bxc7 Rh2+ 44. Ke3 h4 45. b6 h3 0-1


[Site "https://www.chess.com"]

[Event "Titled Tuesday Blitz March 21 Early 2023"]
[White "Begunov, Konstantin"]
[Black "Budrewicz, Krzysztof"]
[WhiteFideId "4118510"]
[BlackFideId "1127950"]
[WhiteElo "2079"]
[BlackElo "2230"]
[Result "1-0"]
[Round "05"]
[TimeControl "180+2"]
[Date "2023.03.21"]
[WhiteClock "0:00:10"]
[BlackClock "0:00:04"]

1. d4 d6 2. e4 g6 3. c4 Bg7 4. Nc3 c5 5. Be3 Nc6 6. Nge2 Qa5 7. Qd2 Nf6 8. f3 O-O 9. Rd1 a6 10. a3 b5 11. cxb5 axb5 12. dxc5 dxc5 13. Bxc5 Rd8 14. Qe3 Rxd1+ 15. Kxd1 b4 16. Bb6 Qe5 17. axb4 Ra1+ 18. Nc1 Qd6+ 19. Qd2 Qxb4 20. Be3 Be6 21. Be2 Nd7 22. Ke1 Bd4 23. Kf2 Bxe3+ 24. Qxe3 Qxb2 25. Rd1 Nde5 26. Nd5 f6 27. Nd3 Nxd3+ 28. Qxd3 Rxd1 29. Qxd1 Kf7 30. Ne3 Nd4 31. Qd3 h5 32. Nd1 Qb6 33. Kf1 Nc6 34. Qe3 Qb1 35. Kf2 Ne5 36. Nc3 Qb3 37. Nb5 Qb4 38. Nd4 Bd7 39. Qb3+ Qxb3 40. Nxb3 Nc6 41. Nd2 e5 42. Ke3 Ke7 43. Bc4 Nd4 44. Nb3 Nc2+ 45. Kd2 Nb4 46. Kc3 Nc6 47. Bb5 Nb8 48. Bxd7 Nxd7 49. Nd2 Kd6 50. Kd3 Kc5 51. Nc4 Nb8 52. Ne3 Nc6 53. Nd5 f5 54. Nf6 f4 55. h4 Nd4 56. Nd7+ Kd6 57. Nf8 Ke7 58. Nxg6+ Kf6 59. Nxf4 Nc6 60. Nxh5+ Ke6 61. Ng3 Nd4 62. Ne2 Nb5 63. Ke3 Nd6 64. g3 Nc4+ 65. Kf2 Kd6 66. f4 Ke6 67. Kf3 Kf6 68. Nc3 Nd2+ 69. Ke3 Nf1+ 70. Kf3 Nd2+ 71. Ke3 Nf1+ 72. Kf2 Nd2 73. h5 exf4 74. gxf4 Nc4 75. Kf3 Nd2+ 76. Kg4 Nf1 77. e5+ Ke6 78. Ne4 Ne3+ 79. Kg5 Nf5 80. h6 Nxh6 81. Kxh6 Kf5 82. Kg7 1-0


[Site "https://www.chess.com"]

[Event "Titled Tuesday Blitz March 21 Early 2023"]
[White "Vlassov, Nikolai"]
[Black "Fernandez Garcia, Gumersindo"]
[WhiteFideId "4103360"]
[BlackFideId "24516740"]
[WhiteElo "2324"]
[BlackElo "2093"]
[Result "1-0"]
[Round "05"]
[TimeControl "180+2"]
[Date "2023.03.21"]
[WhiteClock "0:00:14"]
[BlackClock "0:00:05"]

1. e4 Nf6 2. e5 Nd5 3. d4 Nb6 4. c4 d6 5. exd6 cxd6 6. Nc3 g6 7. a4 a5 8. c5 dxc5 9. Bb5+ Bd7 10. dxc5 Nc8 11. Nf3 Bg7 12. Bf4 Nc6 13. O-O O-O 14. Nd5 N8a7 15. Nb6 Bg4 16. Nxa8 Qxa8 17. h3 Bf5 18. Qb3 e5 19. Be3 e4 20. Nh2 Be6 21. Qa3 Nb4 22. Rac1 Nac6 23. Ng4 h5 24. Nh2 Ne5 25. Rfd1 f5 26. Rd6 Bf7 27. Bd4 Bh6 28. Be3 Bg7 29. Nf1 Ned3 30. Bxd3 Nxd3 31. Rc2 f4 32. Bd4 Qc8 33. Bxg7 Kxg7 34. Qc3+ Kh7 35. c6 bxc6 36. Qxc6 Qf5 37. Qb5 Bb3 38. Rc7+ Kh6 39. Qxb3 f3 40. Ng3 Qf4 41. Rxg6+ Kxg6 42. Qe6+ Qf6 43. Qxe4+ Kh6 44. Rh7+ Kg5 45. h4# 1-0


[Site "https://www.chess.com"]

[Event "Titled Tuesday Blitz March 21 Early 2023"]
[White "Alex_Sahakyan2006"]
[Black "Harriott, Tyrell"]
[BlackFideId "2086484"]
[WhiteElo "2612"]
[BlackElo "2107"]
[Result "1-0"]
[Round "05"]
[TimeControl "180+2"]
[Date "2023.03.21"]
[WhiteClock "0:00:16"]
[BlackClock "0:00:08"]

1. e4 d6 2. d4 Nf6 3. Nc3 Nbd7 4. g4 h6 5. Bg2 e5 6. Be3 c6 7. h4 Be7 8. g5 hxg5 9. hxg5 Rxh1 10. Bxh1 Ng8 11. g6 fxg6 12. Qg4 Kf7 13. O-O-O Nb6 14. Qf3+ Nf6 15. dxe5 Bg4 16. Qg3 Bxd1 17. exf6 Bxf6 18. Nxd1 Nc4 19. Qg4 Ne5 20. Qe2 Qa5 21. a3 b5 22. Bd2 Qb6 23. Ne3 a5 24. f4 Nc4 25. Nxc4 bxc4 26. Qxc4+ d5 27. Qf1 Qxb2+ 28. Kd1 Qb1+ 29. Ke2 Qxc2 30. e5 Be7 31. Nf3 Bxa3 32. e6+ Kg8 33. Qa1 Qe4+ 34. Kf1 Qd3+ 35. Kg1 Bc5+ 36. Kh2 Qe2+ 37. Bg2 Qf2 38. Qe5 Bd4 39. Qxd4 Qxd4 40. Nxd4 a4 41. Nxc6 a3 42. Bxd5 a2 43. e7+ Kh7 44. Bxa2 Rxa2 45. e8=Q Rxd2+ 46. Kg3 Rd3+ 47. Kg4 Rd6 48. Ne7 1-0


[Site "https://www.chess.com"]

[Event "Titled Tuesday Blitz March 21 Early 2023"]
[White "Carrasco Miranda, Andres"]
[Black "Decuigniere, Tom"]
[WhiteFideId "3405990"]
[BlackFideId "26093820"]
[WhiteElo "2183"]
[BlackElo "2312"]
[Result "1-0"]
[Round "05"]
[TimeControl "180+2"]
[Date "2023.03.21"]
[WhiteClock "0:00:20"]
[BlackClock "0:00:07"]

1. d4 Nf6 2. c4 e6 3. g3 Bb4+ 4. Nd2 O-O 5. Bg2 d5 6. Nf3 c5 7. cxd5 cxd4 8. Nxd4 exd5 9. O-O Nc6 10. N2f3 Ne4 11. Be3 Be7 12. Rc1 Bf6 13. Nxc6 bxc6 14. Rxc6 Bxb2 15. Bd4 Bd7 16. Rc2 Bxd4 17. Qxd4 Be6 18. Rfc1 Qa5 19. Ne5 Rfe8 20. Nc6 Qa3 21. Bxe4 dxe4 22. Qxe4 Bxa2 23. Qb4 Qxb4 24. Nxb4 Be6 25. Na6 Rac8 26. Nc7 Bf5 27. Rc5 Re7 28. Nd5 Ree8 29. Rxc8 Bxc8 30. Rxc8 Rxc8 31. Ne7+ Kf8 32. Nxc8 a5 33. Nb6 Ke7 34. Kf1 Ke6 35. Ke1 Kf5 36. Kd2 Kg4 37. h4 Kh3 38. Ke3 Kg2 39. g4 Kh3 40. Kf4 Kxh4 41. e4 h6 42. Kf5 Kh3 43. f4 Kg3 44. e5 Kh4 45. g5 h5 46. g6 fxg6+ 47. Kxg6 Kg4 48. e6 h4 49. e7 h3 50. e8=Q h2 51. Qe1 h1=Q 52. Qxh1 1-0


[Site "https://www.chess.com"]

[Event "Titled Tuesday Blitz March 21 Early 2023"]
[White "Jeet, Jain"]
[Black "Avazkhonov, Alikhon"]
[WhiteFideId "5073022"]
[BlackFideId "14208504"]
[WhiteElo "2067"]
[BlackElo "1739"]
[Result "1-0"]
[Round "05"]
[TimeControl "180+2"]
[Date "2023.03.21"]
[WhiteClock "0:01:40"]
[BlackClock "0:01:19"]

1. Nf3 Nf6 2. g3 d5 3. Bg2 c6 4. O-O Bg4 5. d4 Nbd7 6. c4 e6 7. Nc3 Bd6 8. b3 O-O 9. Bb2 Qe7 10. Qc2 Rfe8 11. Nd2 Rac8 12. e4 dxe4 13. Ndxe4 Nxe4 14. Nxe4 Ba3 15. Bc3 Bf5 16. Qd2 e5 17. dxe5 Nxe5 18. Rfe1 Rcd8 19. Qf4 Bg6 20. Ng5 Qf6 21. Bxe5 Qxf4 22. Bxf4 1-0


[Site "https://www.chess.com"]

[Event "Titled Tuesday Blitz March 21 Early 2023"]
[White "Rios Escobar, Adan"]
[Black "MKlose11"]
[WhiteFideId "3403645"]
[WhiteElo "2396"]
[BlackElo "2600"]
[Result "1-0"]
[Round "05"]
[TimeControl "180+2"]
[Date "2023.03.21"]
[WhiteClock "0:00:15"]
[BlackClock "0:00:50"]

1. d4 Nf6 2. g3 c5 3. d5 b5 4. a4 b4 5. c4 bxc3 6. Nxc3 d6 7. e4 g6 8. Bb5+ Bd7 9. f4 Bg7 10. e5 Ng8 11. Nf3 Nh6 12. O-O O-O 13. Re1 a6 14. Bc4 Bg4 15. Qd3 Bxf3 16. Qxf3 Nf5 17. Qe4 Nd7 18. e6 fxe6 19. dxe6 Nb6 20. Bd5 Nxd5 21. Nxd5 Rb8 22. Ra3 Bxb2 23. Bxb2 Rxb2 24. g4 Nd4 25. Rh3 Rb3 26. Rxb3 Nxb3 27. Re3 Nd4 28. Rh3 Kh8 29. Qxg6 Nf3+ 30. Kh1 1-0


[Site "https://www.chess.com"]

[Event "Titled Tuesday Blitz March 21 Early 2023"]
[White "Pinheiro, Iung Alicio de O."]
[Black "Krzywda, Andrzej"]
[WhiteFideId "2104350"]
[BlackFideId "1114565"]
[WhiteElo "2283"]
[BlackElo "2155"]
[Result "1-0"]
[Round "05"]
[TimeControl "180+2"]
[Date "2023.03.21"]
[WhiteClock "0:00:30"]
[BlackClock "0:00:23"]

1. e4 e5 2. Bc4 Nf6 3. d3 c6 4. Nf3 d5 5. Bb3 Bd6 6. Nc3 Be6 7. O-O h6 8. exd5 cxd5 9. Nb5 Nc6 10. c4 Bb8 11. cxd5 Bxd5 12. Be3 O-O 13. Re1 a6 14. Nc3 Bxb3 15. Qxb3 Re8 16. Rad1 Qc7 17. Bb6 Qd6 18. Ne4 Qe7 19. Bc5 Qd8 20. Qxb7 Ra7 21. Qxc6 Rc7 22. Nxf6+ gxf6 23. Qd6 Qc8 24. Be3 Rc6 25. Qa3 Qg4 26. h3 Qh5 27. Qa4 Rec8 28. Qg4+ Qg6 29. Nh4 Qxg4 30. hxg4 Rc2 31. Rc1 Kg7 32. Nf5+ Kg6 33. Ne7+ 1-0


[Site "https://www.chess.com"]

[Event "Titled Tuesday Blitz March 21 Early 2023"]
[White "Kim, Sergey"]
[Black "Liu, Casper"]
[WhiteFideId "13700570"]
[BlackFideId "1454153"]
[WhiteElo "2594"]
[BlackElo "2221"]
[Result "1-0"]
[Round "05"]
[TimeControl "180+2"]
[Date "2023.03.21"]
[WhiteClock "0:00:48"]
[BlackClock "0:00:43"]

1. d4 Nf6 2. c4 c5 3. d5 e5 4. Nc3 d6 5. e4 Be7 6. g3 Nbd7 7. Bg2 h5 8. Nf3 Nf8 9. h3 Ng6 10. Be3 h4 11. Qd2 hxg3 12. fxg3 Nh5 13. Bf2 f5 14. exf5 Bxf5 15. h4 O-O 16. O-O Bf6 17. Rae1 Qd7 18. Ne4 Bh3 19. Nfg5 Bxg2 20. Kxg2 Qg4 21. Kh2 Bxg5 22. Qxg5 Qxg5 23. hxg5 Rf3 24. Be3 Raf8 25. Rxf3 Rxf3 26. Kg2 Rf8 27. Nxd6 b6 28. Ne4 Ne7 29. b3 Nf5 30. Bf2 Nd4 31. Bxd4 exd4 32. Nd6 g6 33. Ne4 Ng7 34. Nf6+ Kf7 35. g4 Rh8 36. Rf1 Ke7 37. Ne4 Rh4 38. Kg3 Rh8 39. Rf6 d3 40. Rxg6 Kf7 41. Rf6+ Ke7 42. Rf3 d2 43. Nxd2 Ne8 44. Ne4 1-0


[Site "https://www.chess.com"]

[Event "Titled Tuesday Blitz March 21 Early 2023"]
[White "Ordekalog"]
[Black "Melikhov, Evgeny V."]
[BlackFideId "4122046"]
[WhiteElo "2584"]
[BlackElo "2158"]
[Result "1/2-1/2"]
[Round "05"]
[TimeControl "180+2"]
[Date "2023.03.21"]
[WhiteClock "0:00:09"]
[BlackClock "0:00:26"]

1. e4 e5 2. Nf3 Nc6 3. Bb5 a6 4. Bxc6 dxc6 5. O-O f6 6. d4 exd4 7. Nxd4 c5 8. Nb3 Qxd1 9. Rxd1 Bd7 10. Bf4 O-O-O 11. Nc3 Be6 12. Rxd8+ Kxd8 13. Rd1+ Kc8 14. Nd5 Bxd5 15. Rxd5 b6 16. f3 Ne7 17. Rd1 Nc6 18. c3 Be7 19. Kf2 Rd8 20. Rxd8+ Kxd8 21. Nd2 Bd6 22. Ke3 g5 23. Bg3 Bxg3 24. hxg3 h5 25. f4 Kd7 26. fxg5 fxg5 27. Nf3 g4 28. Ne1 Ne5 29. Kf4 Nc4 30. Nd3 Ke6 31. Kg5 Nd2 32. Kxh5 Nxe4 33. Kxg4 c4 34. Nf4+ Ke5 35. Kf3 Nc5 36. Ne2 Nd3 37. b4 cxb3 38. axb3 a5 39. Ke3 Ne1 40. c4 c6 41. Nc3 Nxg2+ 42. Kf2 Kd4 43. Na4 Ne3 44. Nxb6 Nf5 45. g4 Ne7 46. g5 Kc3 47. Ke3 Kxb3 48. Ke4 a4 49. Nxa4 Kxa4 50. Ke5 Ng6+ 51. Kd6 Kb4 52. Kxc6 Kxc4 53. Kd6 Kd4 54. Ke6 Ke4 55. Kf6 Nh4 56. g6 Nxg6 1/2-1/2


[Site "https://www.chess.com"]

[Event "Titled Tuesday Blitz March 21 Early 2023"]
[White "Lorenzo De La Riva, Lazaro"]
[Black "Koellner, Ruben Gideon"]
[WhiteFideId "2268809"]
[BlackFideId "12993093"]
[WhiteElo "2294"]
[BlackElo "2303"]
[Result "1-0"]
[Round "05"]
[TimeControl "180+2"]
[Date "2023.03.21"]
[WhiteClock "0:00:03"]
[BlackClock "0:00:07"]

1. e4 d6 2. d4 Nf6 3. Nc3 e5 4. Nf3 Nbd7 5. Bc4 Be7 6. a4 c6 7. O-O h6 8. Re1 Qc7 9. h3 Nf8 10. Be3 g5 11. dxe5 dxe5 12. Nxe5 Be6 13. Bxe6 Nxe6 14. Ng4 Rd8 15. Qf3 Nxg4 16. Qxg4 O-O 17. Rad1 Rxd1 18. Rxd1 Rd8 19. Rxd8+ Qxd8 20. h4 Bb4 21. hxg5 hxg5 22. g3 Kg7 23. f4 Bxc3 24. bxc3 Qa5 25. f5 Qxc3 26. Bxg5 Nxg5 27. Qxg5+ Kf8 28. Qd8+ Kg7 29. Qd3 Qe5 30. Kf2 b5 31. axb5 cxb5 32. Kf3 a5 33. g4 a4 34. g5 b4 35. Qd8 a3 36. f6+ Kh7 37. Qf8 Qxg5 38. Qxf7+ Kh6 39. Qf8+ Kh5 40. Qh8+ Qh6 41. Qe8+ Qg6 42. f7 a2 43. f8=Q a1=Q 44. Qf5+ Kh4 45. Qexg6 Qf1+ 46. Ke3 Qe1+ 47. Kd4 Qc3+ 48. Kd5 Qd2+ 49. Ke6 Qd6+ 50. Kxd6 b3 51. Qgg4# 1-0


[Site "https://www.chess.com"]

[Event "Titled Tuesday Blitz March 21 Early 2023"]
[White "Abduzhaparov"]
[Black "Popov, Mikhail"]
[BlackFideId "4146182"]
[WhiteElo "2350"]
[BlackElo "2270"]
[Result "0-1"]
[Round "05"]
[TimeControl "180+2"]
[Date "2023.03.21"]
[WhiteClock "0:00:26"]
[BlackClock "0:00:25"]

1. Nf3 Nf6 2. c4 g6 3. Nc3 d5 4. Qa4+ Nc6 5. Nd4 Qd7 6. cxd5 Nxd5 7. Nxd5 Qxd5 8. Nxc6 Qxc6 9. Qxc6+ bxc6 10. g3 Be6 11. Bg2 Kd7 12. b3 Bg7 13. Rb1 a5 14. O-O a4 15. Bb2 Bxb2 16. Rxb2 axb3 17. axb3 Rhb8 18. b4 Bd5 19. e4 Be6 20. d4 Ra4 21. d5 cxd5 22. exd5 Bf5 23. b5 Ra5 24. Rc1 Raxb5 25. Rxb5 Rxb5 26. d6 Rb1 27. Bc6+ Kxd6 28. Rxb1 Bxb1 29. Be8 Ba2 30. f4 c6 31. Kf2 Bd5 32. f5 Kc7 33. fxg6 hxg6 34. h4 Kd8 35. h5 gxh5 36. g4 hxg4 0-1


[Site "https://www.chess.com"]

[Event "Titled Tuesday Blitz March 21 Early 2023"]
[White "Srinath, Rao S.V."]
[Black "Kostiukov, Alexandr"]
[WhiteFideId "5028876"]
[BlackFideId "14108100"]
[WhiteElo "2196"]
[BlackElo "2202"]
[Result "1-0"]
[Round "05"]
[TimeControl "180+2"]
[Date "2023.03.21"]
[WhiteClock "0:00:41"]
[BlackClock "0:00:04"]

1. e4 c5 2. Nf3 g6 3. c3 Bg7 4. d4 cxd4 5. cxd4 d5 6. e5 Nh6 7. Bb5+ Nc6 8. Nc3 O-O 9. Bxc6 bxc6 10. O-O Bg4 11. h3 Bxf3 12. Qxf3 f6 13. exf6 exf6 14. Bxh6 Bxh6 15. Na4 Rb8 16. Qc3 Qd6 17. b3 Rfe8 18. Rfe1 Kf7 19. Qa5 Rb7 20. Rxe8 Kxe8 21. Re1+ Re7 22. Nc5 Bf8 23. Rxe7+ Qxe7 24. g3 Kf7 25. Kg2 h5 26. h4 Bh6 27. Qa6 Qc7 28. Qe2 Qe7 29. Qa6 Qc7 30. Nb7 Bf8 31. Qxc6 Qxc6 32. Nd8+ Ke8 33. Nxc6 a6 34. a4 Bd6 35. b4 Kd7 36. b5 axb5 37. axb5 Kc7 38. Na7 Bb4 39. Kf3 Kb6 40. Nc6 Kxb5 41. Nd8 Bc3 42. Ne6 Kc4 43. Nf8 Bxd4 44. Nxg6 Bc5 45. Ke2 Kc3 46. Nf4 d4 47. Nd3 Bd6 48. Ne1 f5 49. Nd3 Bc7 50. Ne1 Bd6 51. Nd3 Kc2 52. Ne1+ 1-0


[Site "https://www.chess.com"]

[Event "Titled Tuesday Blitz March 21 Early 2023"]
[White "Diaz Rosas, Julio Cesar"]
[Black "Bogaudinov, Rushan"]
[WhiteFideId "5105099"]
[BlackFideId "4129288"]
[WhiteElo "2270"]
[BlackElo "1949"]
[Result "1-0"]
[Round "05"]
[TimeControl "180+2"]
[Date "2023.03.21"]
[WhiteClock "0:00:01"]
[BlackClock "0:00:01"]

1. e4 a6 2. d4 e6 3. Bd3 b5 4. Nf3 Bb7 5. O-O d6 6. Re1 Nf6 7. Nc3 Be7 8. h3 O-O 9. a3 c5 10. Bf4 cxd4 11. Ne2 e5 12. Bh2 Nbd7 13. c3 dxc3 14. Nxc3 Nc5 15. Bc2 Rc8 16. Qd2 Qb6 17. b4 Ne6 18. Bb3 h6 19. Rac1 Nd4 20. Nxd4 Qxd4 21. Qxd4 exd4 22. Nd5 Nxd5 23. Bxd5 Bxd5 24. exd5 Rxc1 25. Rxc1 Bf6 26. Kf1 Be5 27. Bg1 g5 28. Ke2 Ra8 29. Kd3 a5 30. g3 axb4 31. axb4 Ra4 32. f4 gxf4 33. gxf4 Bxf4 34. Rc8+ Kh7 35. Bxd4 Rxb4 36. h4 Kg6 37. Rg8+ Kh5 38. Rf8 Kxh4 39. Rxf7 Bg5 40. Bc3 Rf4 41. Rd7 Rf3+ 42. Kc2 Rf4 43. Rxd6 b4 44. Be5 Rc4+ 45. Kd3 Rc8 46. Rb6 Re8 47. Rxb4+ Kh5 48. Re4 Kg6 49. Re2 Kf5 50. Kd4 Ra8 51. d6 h5 52. Bh2 h4 53. Kd5 Kg4 54. d7 Kf3 55. Re6 Kg2 56. Bc7 h3 57. Rg6 1-0


[Site "https://www.chess.com"]